Map: Dusk Towers

Players

Sacrilege

  • Race: Zerg Zerg
  • League: Grandmaster

xKawaiian - Winner!

  • Race: Terran Terran
  • League: Master

VOD

Have the link to the VOD?

Description

Time

  • Played on: Jan. 14, 2016, 6:08 p.m.
  • Length: 15:46
Show
View Real Time Build Order
Export as new Build Order

Sacrilege Zerg 

Build Orders: Hatch First 

Get SALT Encoding   

  12  0:02  Drone  
  13  0:13  Overlord  
  13  0:17  Drone  
  14  0:31  Drone x2  
  14  0:35  Drone  
  17  0:54  Drone  
  17  0:55  Hatchery  
  17  0:59  Drone  
  17  1:01  Extractor  
  17  1:08  Drone  
  18  1:17  Spawning Pool  
  17  1:22  Drone  
  18  1:31  Drone  
  19  1:42  Overlord  
  19  2:04  Queen  
  19  2:07  Zergling x2, Queen  
  19  2:08  Zergling x4  
  26  2:09  Metabolic Boost  
  26  2:13  Drone  
  27  2:20  Drone  
  28  2:33  Drone  
  28  2:42  Queen  
  28  2:43  Queen  
  32  2:47  Drone x2  
  32  2:48  Drone  
  35  3:04  Overlord  
  35  3:18  Overlord  
  35  3:20  Hatchery  
  35  3:22  Drone  
  35  3:23  Drone x5  
  35  3:24  Drone  
  35  3:26  Drone  
  42  3:37  Extractor  
  42  3:38  Roach Warren  
  40  3:41  Drone  
  40  3:42  Drone x2  
  40  3:48  Drone x2  
  45  3:56  Overlord  
  45  4:02  Lair  
  45  4:04  Extractor  
  44  4:15  Drone x6  
  50  4:26  Overlord x2  
  50  4:35  Evolution Chamber  
  50  4:36  Evolution Chamber  
  50  4:38  Roach x2  
  50  4:39  Roach x2  
  50  4:42  Extractor  
  50  4:43  Roach  
  59  4:45  Roach  
  59  4:46  Roach  
  59  4:52  Roach x2  
  65  5:00  Drone x3  
  65  5:01  Drone x2  
  65  5:05  Roach  
  72  5:15  Zerg Ground Armor Level 1, Zerg Melee Weapons Level 1  
  72  5:16  Drone  
  73  5:24  Overlord  
  73  5:37  Overlord  
  73  5:43  Drone x4  
  73  5:44  Drone x2  
  73  5:45  Roach  
  73  5:47  Overlord  
  81  5:50  Overlord  
  81  5:58  Ravager x7  
  88  6:09  Roach  
  85  6:16  Roach  
  85  6:17  Roach x6  
  95  6:19  Roach  
  95  6:21  Drone  
  95  6:22  Drone x4  
  102  6:28  Roach  
  104  6:39  Overlord x2  
  104  6:43  Infestation Pit  
  101  6:47  Overlord  
  101  6:57  Overlord  
  101  6:59  Hatchery  
  100  7:02  Drone x6, Spore Crawler  
  103  7:10  Drone x2  
  102  7:15  Drone  
  102  7:16  Drone x3  
  102  7:17  Roach  
  102  7:18  Drone  
  109  7:27  Drone x4  
  113  7:39  Zerg Ground Armor Level 2, Zerg Melee Weapons Level 2  
  113  7:40  Drone x2  
  115  7:45  Glial Reconstitution  
  115  7:47  Drone  
  115  7:48  Drone x2  
  115  7:49  Extractor  
  115  7:50  Extractor  
  116  8:00  Drone x5  
  116  8:03  Overlord  
  116  8:05  Overlord x2  
  121  8:07  Overlord  
  121  8:10  Hive  
  121  8:12  Overlord  
  121  8:18  Overlord  
  121  8:34  Roach x5  
  123  8:35  Roach x3  
  123  8:40  Drone  
  138  8:41  Roach  
  138  8:42  Overlord, Roach  
  138  8:47  Overlord  
  142  8:59  Drone x4  
  146  9:10  Extractor  
  146  9:14  Overlord  
  146  9:16  Drone, Extractor  
  145  9:19  Drone  
  145  9:21  Drone  
  145  9:22  Zergling x2  
  145  9:23  Baneling Nest, Zergling x14  
  154  9:26  Adrenal Glands  
  154  9:27  Ultralisk Cavern, Zergling x6  
  154  9:28  Zergling x6  
  159  9:34  Zergling x2  
  159  9:35  Zergling x2  
  160  9:42  Roach  
  160  9:45  Drone x3  
  160  9:48  Drone  
  159  10:08  Hatchery  
  159  10:12  Centrifical Hooks  
  156  10:14  Drone x3  
  156  10:15  Hatchery, Drone, Chitinous Plating  
  156  10:17  Ultralisk, Overlord  
  156  10:19  Drone x3  
  156  10:20  Overlord  
  168  10:28  Overlord x2  
  168  10:35  Extractor  
  167  10:36  Ultralisk  
  167  10:39  Overlord  
  173  10:43  Pneumatized Carapace  
  173  10:44  Ultralisk  
  180  10:53  Baneling x4  
  180  10:54  Baneling x21  
  180  11:03  Ultralisk, Zergling x2  
  161  11:04  Zergling x2  
  145  11:14  Ultralisk  
  111  11:20  Ultralisk  
  111  11:21  Zergling x2  
  111  11:22  Zergling x2  
  115  11:26  Ultralisk  
  115  11:31  Ultralisk  
  127  11:35  Zergling x6  
  130  11:55  Hatchery  
  129  12:04  Ultralisk  
  129  12:06  Zergling x6  
  129  12:07  Hatchery, Zergling x2  
  138  12:15  Zergling x2  
  132  12:16  Zergling x12  
  138  12:28  Baneling x8  
  138  12:29  Zergling x2  
  139  12:30  Zergling x10  
  139  12:36  Zergling x4  
  146  12:41  Overlord  
  146  12:45  Spire  
  145  12:58  Ultralisk  
  151  13:04  Zerg Melee Weapons Level 3  
  150  13:17  Ultralisk  
  150  13:18  Overlord  
  148  13:24  Zergling x2  
  148  13:26  Baneling x3  
  147  13:30  Spine Crawler  
  143  13:44  Ultralisk  
  143  13:47  Zergling x6  
  134  14:10  Mutalisk  
  134  14:11  Corruptor  
  138  14:18  Corruptor  
  138  14:23  Hatchery  
  127  14:33  Corruptor x2  
  122  14:46  Corruptor  
  122  14:49  Baneling x2  
  122  14:51  Drone  
  124  14:58  Corruptor  
  120  15:19  Hatchery  
Show
View Real Time Build Order
Export as new Build Order

xKawaiian Terran - Winner!

Build Orders: Reaper Expand, Bio Tank 

Get SALT Encoding   

  12  0:00  SCV  
  13  0:13  SCV  
  14  0:17  Supply Depot  
  14  0:25  SCV  
  15  0:39  SCV  
  15  0:41  Barracks  
  16  0:46  Refinery  
  16  0:51  SCV  
  17  1:06  SCV  
  18  1:18  SCV  
  19  1:30  Orbital Command  
  19  1:31  Reaper  
  20  1:43  Command Center  
  20  1:56  SCV  
  20  1:57  Supply Depot  
  21  2:04  Barracks Reactor  
  21  2:08  SCV  
  22  2:13  Barracks  
  22  2:20  SCV  
  23  2:23  Barracks  
  23  2:32  SCV  
  24  2:42  Marine x2  
  26  2:44  SCV  
  27  2:56  SCV, Orbital Command  
  28  3:00  Marine x2  
  28  3:02  Barracks Tech Lab  
  30  3:08  SCV  
  30  3:11  Factory  
  30  3:12  Marine  
  32  3:17  Marine  
  32  3:18  Marine  
  34  3:21  Stimpack  
  34  3:23  Refinery  
  34  3:26  SCV x2  
  36  3:29  Marine  
  36  3:30  Marine  
  38  3:35  Marine  
  38  3:37  Marine  
  38  3:38  SCV  
  38  3:39  SCV  
  42  3:47  Marine  
  42  3:48  Marine  
  44  3:50  SCV  
  44  3:51  Supply Depot  
  44  3:55  SCV  
  46  3:57  Starport  
  46  3:58  Factory Reactor  
  46  4:02  Supply Depot  
  46  4:11  Supply Depot  
  46  4:12  SCV x2, Marine x3  
  51  4:19  Supply Depot, Marine  
  52  4:24  SCV x2  
  52  4:30  Marine  
  55  4:36  SCV  
  56  4:39  SCV  
  56  4:44  Medivac x2  
  60  4:46  Factory Tech Lab  
  60  4:49  Command Center  
  60  4:51  SCV x2  
  62  4:53  Barracks Reactor  
  62  4:54  Bunker  
  62  4:57  Refinery  
  62  4:58  Refinery  
  62  4:59  Marine  
  63  5:03  SCV  
  63  5:04  SCV, Marine  
  66  5:12  Siege Tank  
  66  5:13  Marine, Liberator  
  70  5:15  SCV  
  70  5:19  Marine  
  70  5:21  SCV  
  73  5:28  SCV  
  74  5:33  SCV  
  74  5:35  Bunker  
  78  5:44  Supply Depot  
  78  5:45  Supply Depot  
  78  5:54  Engineering Bay  
  78  5:55  Combat Shields  
  78  5:56  Engineering Bay  
  78  6:00  SCV, Medivac, Marine x3  
  78  6:01  Reaper  
  85  6:07  Marine  
  86  6:12  Siege Tank  
  86  6:18  Marine x2  
  87  6:19  SCV  
  87  6:24  Marine  
  91  6:26  Terran Infantry Weapons Level 1, Terran Infantry Armor Level 1  
  91  6:27  SCV  
  91  6:31  Orbital Command  
  92  6:38  Marauder, Marine  
  90  6:44  Marine  
  90  6:45  Siege Tank  
  90  6:46  SCV x2  
  92  6:57  Barracks  
  92  6:59  Barracks, Orbital Command  
  92  7:00  Marauder  
  94  7:02  Marine x2  
  94  7:05  SCV  
  94  7:07  Marine  
  95  7:16  SCV  
  95  7:17  Siege Tank  
  95  7:18  SCV, Medivac x2  
  95  7:21  Marauder  
  106  7:25  SCV  
  106  7:27  Marine  
  106  7:28  SCV  
  109  7:42  Supply Depot  
  109  7:43  Barracks  
  109  7:44  Supply Depot, Barracks  
  109  7:45  Barracks Tech Lab  
  109  7:46  Supply Depot  
  109  7:48  Barracks Reactor  
  109  7:49  Supply Depot  
  109  7:50  Refinery x2  
  109  7:57  Supply Depot  
  109  7:58  Supply Depot  
  109  8:02  Armory  
  109  8:03  Marine x2  
  109  8:04  SCV x2, Marauder, Medivac  
  116  8:08  Marine  
  116  8:09  Siege Tank, Marauder  
  116  8:11  Marine  
  122  8:13  Medivac  
  122  8:16  Concussive Shells  
  124  8:23  Marine  
  124  8:25  Marauder  
  127  8:27  Marine x2  
  127  8:30  SCV, Marauder  
  127  8:35  Marine  
  127  8:36  Barracks Reactor  
  127  8:37  Barracks Reactor  
  128  8:41  Siege Tank  
  128  8:42  Command Center  
  128  8:46  Marine  
  128  8:47  Marauder  
  134  8:49  Marine x4  
  134  8:51  Marauder  
  134  8:53  Marine  
  141  8:55  Terran Ship Weapons Level 1  
  141  8:58  Supply Depot  
  141  9:04  Marine  
  141  9:07  Marine x2  
  141  9:08  Marine, Marauder  
  141  9:09  Marine  
  148  9:11  Marine  
  148  9:12  SCV x2  
  148  9:13  Siege Tank, Marauder  
  148  9:16  Supply Depot  
  156  9:21  Marine  
  157  9:26  Terran Infantry Weapons Level 2  
  157  9:28  SCV x3  
  157  9:29  Marauder  
  162  9:31  Marine  
  162  9:33  Supply Depot  
  162  9:34  Marauder  
  162  9:38  Marine x2  
  165  9:40  SCV x3  
  165  9:43  Marine  
  165  9:45  Siege Tank  
  165  9:51  Marauder  
  167  9:52  Marine  
  167  9:56  Marine x2, Marauder  
  167  9:58  Terran Infantry Armor Level 2  
  171  10:04  Marine  
  171  10:05  Marine x2  
  172  10:12  Marauder  
  172  10:13  Marine  
  172  10:14  Marine  
  174  10:16  Marine  
  174  10:17  Marauder  
  174  10:18  Siege Tank  
  180  10:23  Planetary Fortress  
  180  10:25  Marine  
  181  10:34  Marauder  
  183  10:37  Marine x3  
  183  10:38  Marauder, Marine x2  
  183  10:41  Marine  
  191  10:44  Marine x3  
  194  10:50  Starport, Terran Vehicle Weapons Level 1  
  194  10:51  Marine  
  194  10:55  Marine x2, Marauder  
  199  11:00  Marauder  
  188  11:09  Liberator  
  175  11:14  Marine  
  175  11:16  Marauder  
  175  11:17  Marine  
  146  11:18  Siege Tank, Marine  
  146  11:21  Marauder  
  148  11:26  Medivac  
  148  11:32  SCV  
  154  11:33  Fusion Core, Starport Tech Lab  
  154  11:35  SCV  
  154  11:36  SCV  
  154  11:37  Missile Turret, Marine  
  154  11:38  Marauder, Refinery, Marine x2  
  154  11:39  Liberator  
  161  11:40  Refinery  
  161  11:43  Marauder  
  163  11:52  Liberator  
  163  11:58  Marine x3  
  163  11:59  Marauder  
  171  12:03  Command Center  
  171  12:04  Marauder  
  171  12:08  Marine x2  
  175  12:18  Siege Tank, Medivac  
  175  12:21  Marauder, Marine x2  
  184  12:25  Marauder  
  186  12:31  Liberator  
  186  12:32  Command Center  
  186  12:35  Marine  
  187  12:38  Medivac  
  187  12:40  Marine x2  
  187  12:42  Marauder  
  193  12:47  Marauder  
  198  13:01  Marine x2  
  198  13:03  Terran Infantry Weapons Level 3, Terran Infantry Armor Level 3  
  198  13:04  Terran Vehicle Weapons Level 2  
  200  13:14  Marine  
  200  13:15  Marine  
  200  13:31  Command Center, Missile Turret  
  200  13:33  Command Center  
  200  13:34  Missile Turret  
  200  13:36  Missile Turret  
  191  13:44  Marauder x2, Marine x5  
  161  13:51  Marine x4  
  165  13:59  Marine  
  165  14:02  Marine  
  167  14:05  Marine  
  167  14:06  Marauder x2, Marine  
  167  14:08  Liberator  
  167  14:09  Liberator  
  165  14:10  Planetary Fortress  
  165  14:15  Marine x2  
  166  14:27  Marine, Marauder x2  
  166  14:29  Marine  
  178  14:33  Marine x2  
  178  14:34  Liberator  
  178  14:35  Marine x2  
  179  14:40  Marine  
  179  14:43  Missile Turret  
  177  14:45  Marine  
  177  14:46  Missile Turret, Marine  
  177  14:47  Missile Turret  
  177  14:48  Marauder  
  177  14:49  Marauder  
  177  14:55  Marine  
  178  15:03  Marine x2  
  178  15:04  Marine x3  
  181  15:08  Missile Turret  
  181  15:10  Marauder x2  
  181  15:12  Marine  
  157  15:45  Missile Turret  
Tags
 
Add a new tag
Caveats
  • Supply blocks, unpowered buildings, or Contaminate may cause inaccurate times.
  • Supply counts are checked every 10 seconds.